 Dungeon Crawl Stone Soup version 0.20-a0-967-g62cfa5d (webtiles) character file.

19418 4thArraOfDagon the Basher (level 12, -3/88 HPs)
             Began as a Mummy Wanderer on Apr 7, 2017.
             Was an Initiate of Gozag.
             Slain by an orc knight
             ... wielding a +0 halberd
              (27 damage)
             ... on level 1 of the Orcish Mines.
             The game lasted 01:09:30 (20172 turns).

4thArraOfDagon the Basher (Mummy Wanderer)         Turns: 20172, Time: 01:09:31

Health: -3/88      AC: 16    Str: 16    XL:     12   Next: 36%
Magic:  13/16      EV: 15    Int: 17    God:    Gozag
Gold:   304        SH:  0    Dex: 13    Spells: 7/16 levels left

rFire    + . .     SeeInvis +   C - +4 eveningstar (protect)
rCold    . . .     Gourm    .   (no shield)
rNeg     + + +     Faith    .   A - +1 robe {MR+}
rPois    ∞         Spirit   .   U - +1 helmet {SInv}
rElec    .         Reflect  .   K - +0 cloak {+Inv}
rCorr    .         Harm     .   T - +0 pair of fencer's gloves {+Riposte Dex+3}
MR       ++...                  m - +0 pair of boots
Stlth    +.........             (no amulet)
Regen    0.3/turn               g - ring of protection from fire
MPRegen  0.2/turn               N - ring of fire

@: protection aura
A: no food or potions, fire vulnerability, cold resistance 1, negative energy
resistance 3, torment resistance, unbreathing
a: Potion Petition, Call Merchant, Bribe Branch, Renounce Religion, Evoke
Invisibility


You were on level 1 of the Orcish Mines.
You worshipped Gozag.
Gozag was aware of your devotion.
You were not hungry.

You visited 3 branches of the dungeon, and saw 16 of its levels.
You also visited: Labyrinth and Bailey.

You collected 6736 gold pieces.
You spent 2042 gold pieces at shops.
You paid 4390 gold pieces to Gozag.

Inventory:

Hand Weapons
 d - the +7 mace of Pargh {crush, Int+4}
   (You bought it in a shop on level 13 of the Dungeon)

   It inflicts extra damage upon your enemies.
   It affects your intelligence (+4).
 h - a +1 morningstar of protection
 j - a +1 glaive of flaming
 k - a +0 flail
 t - the +0 dagger "Iretwaog" {drain, rElec Str+7}
   (You took it off a centaur on level 7 of the Dungeon)

   A truly terrible weapon, it drains the life of those it strikes.
   It affects your strength (+7).
   It insulates you from electricity.
 v - a cursed -1 flail
 z - a +1 whip of electrocution
 C - a +4 eveningstar of protection (weapon)
 L - a cursed +0 flail
 M - the +4 flail of Becvente {freeze, MR++}
   (You bought it in a shop on level 13 of the Dungeon)

   It has been specially enchanted to freeze those struck by it, causing extra
   injury to most foes and up to half again as much damage against particularly
   susceptible opponents.
   It can also slow down cold-blooded creatures.
   It affects your resistance to hostile enchantments.
 S - the +0 whip "Qepang" {slash, *Corrode rF++ Int+2}
   (You bought it in a shop on level 13 of the Dungeon)

   It inflicts extra damage upon your enemies.
   It affects your intelligence (+2).
   It greatly protects you from fire.
   It may corrode you when you take damage.
Missiles
 x - 6 poisoned javelins (quivered)
Armour
 m - a +0 pair of boots (worn)
 A - a +1 robe of magic resistance (worn)
 K - a +0 cloak of invisibility (worn)
 O - a +2 robe of resistance
 T - the +0 pair of fencer's gloves (worn) {+Riposte Dex+3}
   (You bought it in a shop on level 13 of the Dungeon)

   It affects your dexterity (+3).
 U - a +1 helmet of see invisible (worn)
Magical Staves
 i - an uncursed staff of summoning {!a}
 F - an uncursed staff of conjuration {!a}
 P - an uncursed staff of death
Jewellery
 g - a ring of protection from fire (left hand)
 y - an uncursed ring of protection from cold
 N - a ring of fire (right hand)
Wands
 l - a wand of digging (14/24)
 o - a wand of disintegration (11/24)
 p - a wand of enslavement (6/24)
 s - a wand of confusion (4/48)
 u - a wand of iceblast (1/15)
 B - a wand of lightning (9/15)
 H - a wand of polymorph (0/24)
 I - a wand of lightning (6/15)
 J - a wand of lightning (7/15)
 Q - a wand of iceblast (1/15)
Scrolls
 c - 3 scrolls of teleportation
 e - 2 scrolls of identify
 f - 6 scrolls of remove curse
 n - a scroll of recharging
 q - a scroll of amnesia
Books
 a - a Young Poisoner's Handbook

   Spells                             Type                      Level
   a - Sting                          Conjuration/Poison           1
   b - Poisonous Vapours              Poison/Air                   2
   c - Mephitic Cloud                 Conjuration/Poison/Air       3
   d - Olgreb's Toxic Radiance        Poison                       4
   e - Venom Bolt                     Conjuration/Poison           5
 b - the Almanac of Shape Shifting

   Spells                             Type                      Level
   a - Sticks to Snakes               Transmutation                2
   b - Passwall                       Transmutation/Earth          2
 G - a book of Minor Magic

   Spells                             Type                      Level
   a - Magic Dart                     Conjuration                  1
   b - Blink                          Translocation                2
   c - Call Imp                       Summoning                    2
   d - Slow                           Hexes                        2
   e - Conjure Flame                  Conjuration/Fire             3
   f - Mephitic Cloud                 Conjuration/Poison/Air       3
 R - the Collected Works on Icy Translocation
   (You found it in a labyrinth)

   Spells                             Type                      Level
   a - Blink                          Translocation                2
   b - Portal Projectile              Hexes/Translocation          3
   c - Teleport Other                 Translocation                3
   d - Freezing Cloud                 Conjuration/Ice/Air          6
   e - Dispersal                      Translocation                6
Miscellaneous
 r - a fan of gales


   Skills:
 - Level 6.0 Fighting
 * Level 11.3 Maces & Flails
 - Level 1.0 Throwing
 + Level 6.5 Armour
 + Level 6.5 Dodging
 - Level 2.6 Spellcasting
 - Level 5.3 Conjurations
 - Level 1.4 Fire Magic
 - Level 6.0 Poison Magic
 - Level 1.0 Evocations


You had 7 spell levels left.
You knew the following spells:

 Your Spells              Type           Power        Failure   Level  Hunger
a - Sting                 Conj/Pois      ###.         1%          1    N/A
b - Mephitic Cloud        Conj/Pois/Air  ###.....     14%         3    N/A
c - Blink                 Tloc           N/A          30%         2    N/A
d - Conjure Flame         Conj/Fire      ###.....     14%         3    N/A

Dungeon Overview and Level Annotations

Branches:
Dungeon (13/15)            Temple (1/1) D:5            Lair (0/6) D:8
    Orc (2/2) D:9             Elf (0/3) Orc:2
 Vaults: D:13-14

Altars:
Ashenzari
Cheibriados
Dithmenos
Elyvilon
Fedhas
Gozag
Hepliaklqana
Kikubaaqudgha
Makhleb
Nemelex Xobeh
Okawaru
Qazlal
Ru
Sif Muna
Trog
Uskayaw
Vehumet
Xom
Yredelemnul
Zin
The Shining One

Shops:
D:10 !   D:11 %   D:13 (((([


Innate Abilities, Weirdness & Mutations

You do not eat or drink.
Your flesh is vulnerable to fire.
You are immune to poison.
Your flesh is cold resistant. (rC+)
You are immune to negative energy. (rN+++)
You are immune to unholy pain and torment.
You can survive without breathing.


Message History

The orc knight is engulfed in noxious fumes.
The orc knight appears confused.
Unknown command.
Unknown command.
Unknown command.
The warg misses you.
The orc knight is engulfed in noxious fumes.
The orc knight appears confused.
Unknown command.
Unknown command.
The orc knight is engulfed in noxious fumes.
The orc knight appears confused.
The orc knight hits you but does no damage.
Unknown command.
Unknown command.
The warg bites you.
* * * LOW HITPOINT WARNING * * *
The orc knight hits you with a halberd!!
You die...
Your body crumbles into a pile of gold.

##)#.......##
###..<).......#
##..#(........####
##.........#......#
#........#.#.....####
##...#....####.....#.#
#..........#.#.......#
##.#..........##.....#
##>.......#.#@ho...##
##........##.o.>..#
###.........§#§.##
##.........####
###.......# #......##
##....## ##..## ####


You could see an orc knight (confused), a warg and an orc warrior.

Vanquished Creatures
  Nessos (D:13)
  Erolcha (D:13)
  A hydra (D:13)
  A centaur warrior (D:13)
  2 two-headed ogres (D:10)
  A tengu warrior (D:13)
  Nergalle (D:10)
  An unseen horror (D:11)
  A cyclops (D:10)
  An ugly thing (D:10)
  A centaur zombie (D:13)
  Maurice (D:10)
  Joseph (D:7)
  Grinder (D:4)
  2 hornets
  3 trolls
  3 hippogriffs
  A wraith (D:12)
  Sigmund (D:2)
  Eustachio (D:4)
  4 wyverns
  11 yaks
  2 hungry ghosts
  A basilisk (D:10)
  2 vampire mosquitoes (D:13)
  A warg (D:9)
  Duvessa (D:5)
  6 orc warriors
  2 eyes of draining (D:10)
  6 phantoms
  2 sky beasts
  4 ice beasts
  A necrophage (D:8)
  2 black bears (D:10)
  7 ogres
  6 centaurs
  11 bullfrogs
  Blork the orc (D:3)
  Dowan (D:5)
  A wyvern skeleton (D:7)
  6 scorpions
  4 wights (D:10)
  7 crimson imps
  3 howler monkeys
  2 bullfrog zombies
  4 quasits
  7 hounds
  3 bullfrog skeletons
  3 jellies
  9 orc priests
  Crazy Yiuf (D:4)
  2 centaur skeletons
  7 iguanas
  Ijyb (D:5)
  Natasha (thrice) (D:4)
  14 orc wizards
  6 worker ants
  A killer bee zombie (D:5)
  A hound skeleton (D:9)
  A worker ant zombie (D:10)
  A howler monkey zombie (D:6)
  4 gnolls
  7 adders
  7 shadow imps
  2 oozes (D:1)
  2 adder skeletons
  An adder zombie (D:6)
  3 worms
  A dart slug (D:1)
  5 leopard geckos
  47 orcs
  2 ball pythons (D:2)
  8 giant cockroaches
  8 goblins
  8 hobgoblins
  13 jackals
  14 kobolds
  5 quokkas
  A ball python skeleton (D:5)
  3 bats
  A frilled lizard (D:1)
  A leopard gecko zombie (D:5)
  4 rats (D:1)
331 creatures vanquished.

Vanquished Creatures (collateral kills)
  An orc wizard (D:13)
  An orc priest (D:13)
2 creatures vanquished.

Vanquished Creatures (others)
  2 centaurs (D:13)
  An adder (D:10)
  A fungus (D:4)
  4 plants (D:8)
8 creatures vanquished.

Grand Total: 341 creatures vanquished

Notes
Turn   | Place    | Note
-------+----------+-------------------------------------------
     0 | D:1      | 4thArraOfDagon the Mummy Wanderer began the quest for the Orb.
     0 | D:1      | 4thArraOfDagon set off with: a Young Poisoner's Handbook, the Almanac of Shape Shifting, a scroll of teleportation, a +0 robe, a +0 club
     0 | D:1      | Reached XP level 1. HP: 13/13 MP: 4/4
     0 | D:1      | Identified the Almanac of Shape Shifting
     2 | D:1      | Learned a level 1 spell: Sting
    88 | D:1      | Reached XP level 2. HP: 14/19 MP: 5/5
   306 | D:1      | Reached skill level 1 in Conjurations
   318 | D:1      | Reached skill level 2 in Maces & Flails
   452 | D:1      | Found a glowing golden altar of the Shining One.
   474 | D:1      | Reached XP level 3. HP: 15/24 MP: 4/7
   621 | D:2      | Reached XP level 4. HP: 14/30 MP: 3/8
   829 | D:4      | Noticed Eustachio
   833 | D:4      | Noticed a phantom
   844 | D:5      | Entered Level 5 of the Dungeon
   883 | D:5      | Learned a level 3 spell: Mephitic Cloud
   912 | D:4      | Noticed Natasha
   915 | D:4      | Killed Natasha
   916 | D:4      | Noticed a phantom
  1039 | D:5      | Reached XP level 5. HP: 30/35 MP: 1/9
  1086 | D:5      | Found a staircase to the Ecumenical Temple.
  1092 | Temple   | Entered the Ecumenical Temple
  1229 | D:6      | Noticed a phantom
  1265 | D:5      | Reached skill level 3 in Maces & Flails
  1828 | D:6      | Found a hide-covered altar of Uskayaw.
  1846 | D:6      | Found a basalt altar of Yredelemnul.
  1905 | D:6      | Reached XP level 6. HP: 24/41 MP: 10/10
  2090 | D:7      | Noticed Joseph
  2090 | D:7      | Noticed an orc warrior
  2772 | D:4      | Noticed Natasha
  2921 | D:3      | Found a radiant altar of Vehumet.
  3683 | D:4      | Noticed Grinder
  3690 | D:4      | Paralysed by Grinder for 4 turns
  3785 | Temple   | Became a worshipper of Gozag Ym Sagoz the Greedy
  3883 | D:5      | Found a white marble altar of Elyvilon.
  3922 | D:5      | Noticed an ice beast
  4182 | D:2      | Reached XP level 7. HP: 45/46 MP: 11/11
  4189 | D:2      | Reached skill level 4 in Maces & Flails
  4623 | D:2      | Noticed Sigmund
  4634 | D:2      | Killed Sigmund
  5018 | D:4      | Noticed Blork the orc
  5287 | D:3      | Killed Blork the orc
  5580 | D:4      | Killed Natasha
  5728 | D:4      | Killed Eustachio
  5749 | D:4      | Noticed Natasha
  5755 | D:4      | Killed Natasha
  5755 | D:4      | Reached skill level 5 in Poison Magic
  5755 | D:4      | Reached XP level 8. HP: 48/52 MP: 3/12
  6446 | D:5      | Noticed Ijyb
  6453 | D:5      | Noticed Duvessa
  6647 | D:5      | Reached skill level 5 in Maces & Flails
  6649 | D:5      | Noticed Dowan
  6698 | D:7      | Found a shimmering altar of Xom.
  6700 | D:7      | Got an ivory dagger
  6745 | D:8      | Identified the cursed +0 dagger "Iretwaog" {drain, rElec Str+7} (You took it off a centaur on level 7 of the Dungeon)
  7806 | D:8      | Reached skill level 5 in Conjurations
  8265 | D:8      | Reached skill level 6 in Maces & Flails
  8593 | D:8      | Reached XP level 9. HP: 54/58 MP: 6/13
  8612 | D:8      | Found a sparkling altar of Nemelex Xobeh.
  8720 | D:8      | Reached skill level 1 in Fighting
  8790 | D:8      | Reached skill level 1 in Dodging
  9408 | D:5      | Killed Duvessa
  9411 | D:5      | Killed Dowan
  9517 | D:5      | Killed Ijyb
  9763 | D:4      | Found a sacrificial altar of Ru.
  9785 | D:4      | Killed Grinder
  9914 | D:4      | Found a runed door.
  9918 | D:4      | Noticed Crazy Yiuf
  9987 | D:4      | Killed Crazy Yiuf
  9987 | D:4      | Reached skill level 7 in Maces & Flails
 11204 | D:7      | Learned a level 2 spell: Blink
 11208 | D:7      | Learned a level 3 spell: Conjure Flame
 11596 | D:7      | Killed Joseph
 11596 | D:7      | Reached skill level 1 in Fire Magic
 11701 | D:7      | Reached XP level 10. HP: 46/70 MP: 4/14
 12265 | D:8      | Found a staircase to the Lair.
 12636 | D:9      | Found a staircase to the Orcish Mines.
 12936 | D:9      | Found a hazy altar of Hepliaklqana.
 12936 | D:9      | Found a stormy altar of Qazlal.
 12980 | D:10     | Entered Level 10 of the Dungeon
 13067 | D:10     | Noticed Maurice
 13105 | D:10     | Killed Maurice
 13105 | D:10     | Reached skill level 8 in Maces & Flails
 13431 | D:10     | Noticed Nergalle
 13462 | D:10     | Killed Nergalle
 13462 | D:10     | Reached skill level 5 in Fighting
 13595 | D:10     | Found Assekys's Distillery.
 13601 | D:10     | Found a shattered altar of Ashenzari.
 13948 | D:10     | Noticed a cyclops
 14256 | D:10     | Noticed a green ugly thing
 14274 | D:10     | Killed a green ugly thing
 14593 | D:10     | Reached skill level 9 in Maces & Flails
 14609 | D:10     | Noticed a two-headed ogre
 15230 | D:10     | Killed a cyclops
 15230 | D:10     | Reached XP level 11. HP: 51/80 MP: 0/15
 15988 | D:10     | Killed a two-headed ogre
 15994 | D:10     | Noticed a two-headed ogre
 16031 | D:10     | Killed a two-headed ogre
 16241 | D:10     | Reached skill level 5 in Armour
 16540 | D:11     | Found a flagged portal.
 16550 | Bailey   | Entered a bailey
 16651 | Bailey   | Reached skill level 5 in Dodging
 16783 | Bailey   | Found a burning altar of Makhleb.
 16917 | D:12     | Noticed a skeletal warrior
 16917 | D:12     | Noticed a skeletal warrior
 16917 | D:12     | Noticed a skeletal warrior
 16917 | D:12     | Noticed a skeletal warrior
 16917 | D:12     | Noticed a skeletal warrior
 17236 | D:11     | Killed an unseen horror
 17236 | D:11     | Reached skill level 10 in Maces & Flails
 17240 | D:11     | Found Degitef's Food Emporium.
 17315 | D:13     | Noticed a tengu warrior
 17317 | D:13     | Noticed a tengu warrior
 17423 | D:13     | Noticed a four-headed hydra
 17459 | D:13     | Killed a four-headed hydra
 17506 | D:13     | Noticed Nessos
 17506 | D:13     | HP: 1/81 [Nessos/arrow (4)]
 17543 | D:13     | Killed Nessos
 17608 | D:13     | Found a labyrinth entrance.
 17617 | Lab      | Entered a labyrinth
 17927 | Lab      | Noticed a minotaur
 17958 | Lab      | Identified the Collected Works on Icy Translocation
 18030 | D:13     | Identified a scroll of acquirement
 18034 | D:13     | Bought a pitted flail for 204 gold pieces
 18034 | D:13     | Bought a faintly glowing whip for 180 gold pieces
 18034 | D:13     | Identified the +4 flail of Becvente {freeze, MR++} (You bought it in a shop on level 13 of the Dungeon)
 18035 | D:13     | Identified the cursed +0 whip "Qepang" {slash, *Corrode rF++ Int+2} (You bought it in a shop on level 13 of the Dungeon)
 18039 | D:13     | Bought the +0 pair of fencer's gloves {+Riposte Dex+3} for 520 gold pieces
 18039 | D:13     | Bought a +1 helmet of see invisible for 214 gold pieces
 18693 | D:13     | Killed a tengu warrior
 18693 | D:13     | Reached XP level 12. HP: 44/88 MP: 1/16
 18817 | D:13     | :(
 18821 | D:13     | Bought a translucent mace for 224 gold pieces
 18821 | D:13     | Bought a glowing morningstar for 196 gold pieces
 18821 | D:13     | Identified the +7 mace of Pargh {crush, Int+4} (You bought it in a shop on level 13 of the Dungeon)
 18993 | D:13     | Bought a glowing eveningstar for 504 gold pieces
 19077 | D:13     | Noticed Erolcha
 19151 | D:13     | Killed Erolcha
 19151 | D:13     | Reached skill level 11 in Maces & Flails
 19182 | D:13     | Noticed a two-headed ogre
 19232 | D:13     | Noticed a centaur warrior
 19246 | D:13     | Killed a centaur warrior
 19252 | D:13     | Noticed a stone giant
 19766 | Orc:1    | Entered Level 1 of the Orcish Mines
 20000 | Orc:2    | Entered Level 2 of the Orcish Mines
 20015 | Orc:2    | Found a staircase to the Elven Halls.
 20167 | Orc:2    | Noticed an orc warlord
 20172 | Orc:1    | Slain by an orc knight

Vault maps used:
D:1:      erik_arrival_gehennom, corexii_leaking_fountain, minivault_11,
          tso_altar
D:2:      uniq_sigmund
D:3:      vehumet_crystals, first_bread, hex_large
D:4:      lemuel_coloured_pillars_altar, nrook_uturn, uniq_grinder,
          uniq_eustachio, uniq_natasha, uniq_crazy_yiuf_cottage,
          uniq_blork_the_orc
D:5:      temple_green, elyvilon_altar_5, uniq_duvessa, uniq_iyjb
D:6:      kennysheep_mini, nicolae_overflow_crystal_walls
D:7:      lemuel_crystal_altar, uniq_joseph
D:8:      david_lair_shrubbed, basic_altar
D:9:      nicolae_overflow_hidden_temple, gammafunk_temple_overflow_wave,
          orc_0_dummy
D:10:     hangedman_cross_cluster, basic_altar, serial_shops,
          nicolae_shop_temple_entry_statues_fountains, uniq_nergalle,
          uniq_maurice
D:11:     serial_shops, nicolae_shop_crystal, enter_bailey_8,
          hangedman_pestilent_swarm
D:12:     minmay_misc_feat_nine_boxes
D:13:     minmay_roctagon, lab_entry_generic, uniq_nessos, uniq_erolcha
Temple:   dpeg_chambers_temple
Orc:2:    grunt_orc_gardens, grunt_orc_garden, grunt_orc_garden,
          grunt_orc_garden, grunt_orc_garden, sword_in_stone
Lab:      labyrinth_watery
Bailey:   bailey_axe_3, bailey

Skill      XL: |  1  2  3  4  5  6  7  8  9 10 11 12 |
---------------+-------------------------------------+-----
Conjurations   | 1 2 3 4 5 |  5.3
Maces & Flails | 2 3 4 6 7 9 10 11 | 11.3
Poison Magic   | 3 4 5 6 |  6.0
Fighting       | 3 5 6 |  6.0
Dodging        | 2 4 6 |  6.5
Armour         | 3 4 6 |  6.5
Fire Magic     | 1 |  1.4
Throwing       | |  1.0
Spellcasting   | |  2.6
Evocations     | |  1.0

Action                   |  1- 3 |  4- 6 |  7- 9 | 10-12 || total
-------------------------+-------+-------+-------+-------++-------
Melee: Club              |    36 |    23 |       |       ||    59
       Flail             |       |   141 |    66 |    98 ||   305
       Glaive            |       |       |   264 |       ||   264
       Whip              |       |       |   144 |   488 ||   632
       Eveningstar       |       |       |       |    65 ||    65
Throw: Throwing net      |       |     1 |       |       ||     1
 Cast: Sting             |    29 |    27 |    22 |    61 ||   139
       Mephitic Cloud    |       |    11 |    57 |    99 ||   167
       Conjure Flame     |       |       |     1 |     9 ||    10
Invok: Call Merchant     |       |       |       |     5 ||     5
       Potion Petition   |       |       |       |     2 ||     2
Evoke: Wand              |       |       |     9 |    24 ||    33
  Use: Scroll            |       |    10 |    14 |    12 ||    36
 Stab: Sleeping          |     1 |       |       |       ||     1
       Confused          |       |     7 |    13 |    45 ||    65
       Distracted        |       |       |     1 |       ||     1
Armor: Robe              |     1 |    66 |   139 |   126 ||   332
Dodge: Dodged            |    27 |   122 |   279 |   298 ||   726
       Rpst.: Flail      |       |       |       |    13 ||    13
       Eveningstar       |       |       |       |    12 ||    12
